 Dungeon Crawl Stone Soup version 0.31.0-11-ge490571c62 (webtiles) character file.

Game seed: 7808813003922207405

64 qw the Shooter (level 3, -1/20 HPs)
             Began as a Deep Elf Hunter on Feb 4, 2024.
             Slain by an orc priest
             ... wielding a +0 flail
              (7 damage)
             ... on level 2 of the Dungeon.
             The game lasted 00:00:04 (1687 turns).

qw the Shooter (Deep Elf Hunter)                    Turns: 1687, Time: 00:00:05

Health: -1/20      AC:  5    Str: 10    XL:     3   Next: 91%
Magic:  5/5        EV: 11    Int: 13    God:
Gold:   68         SH:  0    Dex: 18    Spells: 2/2 levels left

rFire   . . .        a - +0 shortbow
rCold   . . .        (shield currently unavailable)
rNeg    . . .        j - +0 ring mail
rPois   .            (no helmet)
rElec   .            (no cloak)
rCorr   .            (no gloves)
SInv    .            (no boots)
Will    .....        (no amulet)
Stlth   +            (no ring)
HPRegen 0.23/turn    (no ring)
MPRegen 0.09/turn

%: no passive effects
@: no status effects
A: no striking features
a: no special abilities


You were on level 2 of the Dungeon.
You visited 1 branch of the dungeon, and saw 3 of its levels.

You collected 68 gold pieces.


   Skills:
 - Level 1.5 Fighting
 + Level 7.3 Ranged Weapons
 - Level 2.4 Dodging
 - Level 1.2 Stealth


You had 2 spell levels left.
You didn't know any spells.
Your spell library was empty.

Inventory:

Hand Weapons
 a - a +0 shortbow (weapon)
Armour
 j - a +0 ring mail (worn)
Potions
 c - a potion of heal wounds
 i - 2 potions of curing

Dungeon Overview and Level Annotations

Branches:
Dungeon (3/15)

Altars:


Message History

Done exploring.
1657 ||| READING scroll of identify.
1657 ||| IDENTIFYING fuming brown potion
As you read the scroll of identify, it crumbles to dust.
c - a potion of heal wounds Done exploring.
1658 ||| DRINKING 3 fuming puce potions.
It was a potion of curing.
You feel better.
Done exploring.
What level of the Dungeon? (default 2, ? - help)
You see here a quokka corpse.
You see here 4 poisoned darts.
You see here 6 stones.
There is a stone staircase leading down here.
You climb downwards.
The orc wizard shouts!
The orc priest shouts!
The orc shouts! x2
You hear an angry hiss.
Found a stone staircase leading down.
There is a stone staircase leading up here.
There are monsters nearby!
Waypoint 2 assigned to D:3.
1683 ||| STAIRDANCE The orc priest barely misses you.
The orc wizard misses you.
You climb upwards.
There is a stone staircase leading down here.
You shoot an arrow. The arrow hits the orc priest.
The orc priest is heavily wounded.
The orc priest misses you.
The orc wizard points at you and mumbles some strange words.
The puff of flame hits you. The orc hits you but does no damage.
You shoot an arrow.
The arrow hits the orc priest but does no damage.
The orc priest is heavily wounded.
The orc priest hits you with a +0 flail.
The orc wizard gestures at you while chanting.
The magic dart hits you. The orc barely misses you.
You shoot an arrow.
The arrow closely misses the orc priest.
The orc priest hits you with a +0 flail!
You die...

..# #.#)####.## ..#
#.#....#.#
..##############.#.##.#.#
...............#.#....#.#
..############.#(#.#..#.#
..# ########.#.#(#.#..#.#
..# #......#.#.#.#.####.#
.## #.####.#...#o#......#
.# #.# #.#.###@########
.# #.# #.....oo# #####.##
###.##### .......# #.#
##### .......# #.# #...#
.......# #.# #.#.#
.......# #.# #.#.#
.......# #.# #.#.#
.......# #.# #.#.#


You could see an orc priest, an orc wizard and an orc.

Vanquished Creatures
  2 adders (D:2)
  A dart slug (D:1)
  2 ball pythons
  2 bats (D:1)
  3 endoplasms (D:2)
  2 giant cockroaches (D:2)
  6 goblins
  5 hobgoblins
  3 jackals (D:1)
  3 quokkas (D:2)
  6 frilled lizards
  A kobold (D:2)
  3 rats
39 creatures vanquished.

Notes
Turn   | Place    | Note
-------+----------+-------------------------------------------
     0 | D:1      | qw the Deep Elf Hunter began the quest for the Orb.
     0 | D:1      | Reached XP level 1. HP: 12/12 MP: 3/3
     0 | D:1      | 0 ||| qw: Version: 0.3-a-160-g6735b56
     0 | D:1      | 0 ||| qw: Game counter: 5113
     0 | D:1      | 0 ||| qw: Melee chars always use a shield: true
     0 | D:1      | 0 ||| qw: God list: Okawaru
     0 | D:1      | 0 ||| qw: Allow faded altars: false
     0 | D:1      | 0 ||| qw: Do Orc after clearing Dungeon:15 true
     0 | D:1      | 0 ||| qw: Do second Lair branch before Depths: true
     0 | D:1      | 0 ||| qw: Lair rune preference: random
     0 | D:1      | 0 ||| qw: Goals: Normal
     0 | D:1      | 0 ||| PLANNING D:1-11
   128 | D:1      | Reached XP level 2. HP: 16/16 MP: 4/4
   135 | D:1      | Reached skill level 6 in Ranged Weapons
   696 | D:1      | 696 ||| UPGRADING to +0 ring mail.
   706 | D:1      | 706 ||| DROPPING +0 leather armour.
   707 | D:1      | 707 ||| READING 2 scrolls labelled FEBID METSIN.
   708 | D:1      | 708 ||| READING scroll labelled UCOXOI USCHOODO.
   708 | D:1      | 708 ||| IDENTIFYING fuming coppery potion
   709 | D:1      | 709 ||| READING scroll labelled LYG APUTEAGEIKUTT.
   710 | D:1      | 710 ||| READING scroll labelled CUCUKLANIG.
   711 | D:1      | 711 ||| DROPPING scroll of butterflies.
   712 | D:1      | 712 ||| DROPPING potion of degeneration.
   713 | D:1      | 713 ||| DROPPING scroll of blinking.
   814 | D:2      | Reached XP level 3. HP: 20/20 MP: 5/5
   873 | D:2      | Reached skill level 7 in Ranged Weapons
  1657 | D:2      | 1657 ||| READING scroll of identify.
  1657 | D:2      | 1657 ||| IDENTIFYING fuming brown potion
  1658 | D:2      | 1658 ||| DRINKING 3 fuming puce potions.
  1683 | D:3      | 1683 ||| STAIRDANCE
  1687 | D:2      | Slain by an orc priest

Levels and vault maps discovered:
D:1:      dpeg_arrival_subterranean_lakeside_camping, layout_loops_ring
D:2:      layout_basic, minmay_split_cup_small
D:3:      layout_loops_cross, nicolae_overflow_hidden_temple,
          chequers_ecumenical_altar_lobes, st_stairs_10, minmay_lizard_king,
          uniq_sigmund

Skill      XL: |  1  2  3 |
---------------+----------+-----
Ranged Weapons | 6 7 |  7.3
Fighting       | |  1.5
Dodging        | |  2.4
Stealth        | |  1.2

Action                     || total
---------------------------++-------
   Fire: Shortbow          ||    96
    Use: Scroll            ||     5
         Potion            ||     1
 Armour: Leather armour    ||     4
         Ring mail         ||    21
  Dodge: Dodged            ||    28

Table legend:
 A = Non-vault XP
 B = Vault XP
 C = Vault XP percentage of total XP
 D = Non-vault monster count
 E = Vault monster count
 F = Vault count percentage of total count
                 A         B        C        D         E       F
            +---------+---------+-------+---------+---------+-------
      Total |      53 |      39 |  42.4 |      30 |       9 |  23.1
            +---------+---------+-------+---------+---------+-------
        D:1 |      19 |      10 |  34.5 |      10 |       6 |  37.5
        D:2 |      34 |      29 |  46.0 |      20 |       3 |  13.0
            +---------+---------+-------+---------+---------+-------
